 Dungeon Sprint DCSS version 0.31-a0-75-g6fe912e8c5 (webtiles) character file.

Game seed: 18438627107858365168

14006 sircluck the Brawler (level 11, 0/124 HPs)
             Began as a Troll Berserker on May 23, 2023.
             Was the Champion of Trog.
             Engulfed by a cloud of steam (10 damage)
             ... in the Dungeon (Sprint I: "Red Sonja").
             The game lasted 00:11:39 (1914 turns).

sircluck the Brawler (Troll Berserker)              Turns: 1914, Time: 00:11:40

Health: 0/124      AC:  6    Str: 33    XL:     11   Next: 83%
Magic:  10/10      EV: 12    Int:  7    God:    Trog [******]
Gold:   2624       SH:  0    Dex:  7    Spells: 10/10 levels left

rFire   . .          .
                       - Unarmed
rCold   . . .        (no shield)
rNeg    . . .        u - +0 troll leather armour of the World {Rampage Regen+ Int+4}
rPois   .            (helmet restricted)
rElec   .            m - +0 cloak of Maobb {+Blink Str+2 Slay+2}
rCorr   .            (gloves unavailable)
SInv    .            (boots unavailable)
Will    .....        (no amulet)
Stlth   +            (no ring)
HPRegen 2.00/turn    (no ring)
MPRegen 0.12/turn

%: no teleportation, random rage (9%), rampage
@: studying Armour
A: large, unfitting armour, claws 3, regeneration 1, shaggy fur 1, tough skin 1,
berserk 2, clumsy 1, deformed body
a: Renounce Religion, Evoke Blink, Berserk, Trog's Hand, Brothers in Arms


You were in the Dungeon.
You worshipped Trog.
Trog was exalted by your worship.
You visited 1 branch You collected 4733 gold pieces.
You spent 2109 gold pieces at shops.

Inventory:

Missiles
 k - 5 stones (quivered)
Armour
 a - a +0 animal skin
 l - a +2 robe of cold resistance
 m - the +0 cloak of Maobb (worn) {+Blink Str+2 Slay+2}
   (You bought it in a shop in the Dungeon)

   Str:       It affects your strength (+2).
   Slay:      It affects your accuracy & damage with ranged weapons and melee
   (+2).
   +Blink:    It lets you blink.
 q - the +2 robe of Qeilom {rPois Dex+9}
   (You found it in the Dungeon)

   Dex:       It affects your dexterity (+9).
   rPois:     It protects you from poison.
 u - the +0 troll leather armour of the World (worn) {Rampage Regen+ Int+4}
   (You bought it in a shop in the Dungeon)

   Int:       It affects your intelligence (+4).
   Regen:     It increases your rate of health regeneration.
   Rampage:   It bestows one free step when moving towards enemies.
Wands
 h - a wand of flame (33)
Scrolls
 g - a scroll of blinking
 n - 4 scrolls of identify {unknown}
 s - a scroll of enchant armour
Potions
 b - 3 potions of curing
 d - a potion of haste
 e - 2 potions of magic
 f - a potion of berserk rage
 i - a potion of invisibility {unknown}
 j - a potion of might {unknown}
 o - a potion of attraction {unknown}
Miscellaneous
 p - a condenser vane


   Skills:
 + Level 12.5 Fighting
 + Level 6.3 Armour
 + Level 13.3 Dodging
 + Level 2.3 Stealth
 + Level 20.5 Unarmed Combat


You had 10 spell levels left.
You didn't know any spells.
Your spell library was empty.

Dungeon Overview and Level Annotations

Branches:
Dungeon (1/1)

Altars:
Cheibriados
Dithmenos
Elyvilon
Fedhas
Gozag
Hepliaklqana
Kikubaaqudgha
Makhleb
Nemelex Xobeh
Okawaru
Qazlal
Ru
Sif Muna
Trog
Uskayaw
Vehumet
Wu Jian
Xom
Yredelemnul
Zin
The Shining One
Jiyva
Lugonu

Shops:
D ([[?[(***(?***=*:?=[[


Innate Abilities, Weirdness & Mutations

You are too large for most types of armour.
You have claws for hands.
Your natural rate of healing is unusually fast.
You are covered in fur. (AC +1)
You have tough skin. (AC +1)
You have an uncontrollable temper.
You are clumsy. (Dex -2)
Armour fits poorly on your strangely shaped body.


Message History

* * * LOW HITPOINT WARNING * * *
You are engulfed in a cloud of scalding steam.
You see here 27 gold pieces.
You now have 2516 gold pieces (gained 27).
You are engulfed in a cloud of scalding steam.
* * * LOW HITPOINT WARNING * * *
You are engulfed in a cloud of scalding steam.
* * * LOW HITPOINT WARNING * * *
You see here 27 gold pieces.
You now have 2543 gold pieces (gained 27).
You are engulfed in a cloud of scalding steam.
* * * LOW HITPOINT WARNING * * *
You are engulfed in a cloud of scalding steam.
* * * LOW HITPOINT WARNING * * *
You see here 27 gold pieces.
You now have 2570 gold pieces (gained 27).
You are engulfed in a cloud of scalding steam.
* * * LOW HITPOINT WARNING * * *
Really walk into that cloud of steam?
You are engulfed in a cloud of scalding steam.
* * * LOW HITPOINT WARNING * * *
You see here 27 gold pieces.
You now have 2597 gold pieces (gained 27).
You are engulfed in a cloud of scalding steam.
* * * LOW HITPOINT WARNING * * *
You are engulfed in a cloud of scalding steam.
You see here 27 gold pieces.
You now have 2624 gold pieces (gained 27).
You are engulfed in a cloud of scalding steam.
* * * LOW HITPOINT WARNING * * *
You are engulfed in a cloud of scalding steam.
* * * LOW HITPOINT WARNING * * *
You are engulfed in a cloud of scalding steam.
* * * LOW HITPOINT WARNING * * *
You open the door.
You are engulfed in a cloud of scalding steam.
* * * LOW HITPOINT WARNING * * *
Found 19 gold pieces.
You are engulfed in a cloud of scalding steam.
You die...

##################**********
†§.§§)'..#..'.§§§#,,,,,,,,,*
§§§§§##..'..#§§§§##,,,,,,,,*
#§§§#######+#§.§§§#****,,,,*
###+#,,,**,,#.§§§§#,,,*,,,,*
#y#,**,,,*,,##§§§§#,∩,*,,,,*
###,,***,*,,~###@##,,,*,,,,*
..#*,*,*,*,,~,,#§#***+*,,,,*
..#,,***,*,,~,*#+#,,,,**,,,*
+##,**,,,*,,~**,,,,,,,,**,,*
##*,,*+***,,~*,,,,,,,,,,*,,*
.###,,,*,~,,**,,,,,,,,,,**,*
.#.###,*,~,,*,,,,,,,,,,,,*,*
.....#,***,,*,,,,,,,,,,,,*,*
.....#,*,+,,**,,,,,,,,,,**,*


There were no monsters in sight!

Vanquished Creatures
  A lorocyproca (D)
  A hydra (D)
  2 centaur warriors (D)
  Sonja (D)
  A deep troll (D)
  A lindwurm (D)
  An oklob plant (D)
  4 demonic crawlers (D)
  2 unseen horrors (D)
  A gargoyle (D)
  2 kobold demonologists (D)
  A hornet (D)
  A slime creature (D)
  Sigmund (D)
  13 hogs (D)
  A yak (D)
  2 redbacks (D)
  3 floating eyes (D)
  An ogre (D)
  7 necrophages (D)
  8 jellies (D)
  Ijyb (D)
56 creatures vanquished.

Vanquished Creatures (collateral kills)
  8 shining eyes (D)
  4 floating eyes (D)
12 creatures vanquished.

Vanquished Creatures (others)
  2 ballistomycete spores (D)
2 creatures vanquished.

Grand Total: 70 creatures vanquished

Notes
Turn   | Place    | Note
-------+----------+-------------------------------------------
     0 | D        | sircluck the Troll Berserker began the quest for the Orb.
     0 | D        | Reached XP level 1. HP: 22/22 MP: 0/0
     4 | D        | Noticed Ijyb
     7 | D        | Killed Ijyb
     8 | D        | Reached skill level 4 in Unarmed Combat
     8 | D        | Reached XP level 2. HP: 31/31 MP: 1/1
   149 | D        | Noticed an ogre
   160 | D        | Killed an ogre
   161 | D        | Reached skill level 6 in Unarmed Combat
   161 | D        | Reached XP level 3. HP: 33/41 MP: 2/2
   161 | D        | Reached XP level 4. HP: 39/49 MP: 3/3
   174 | D        | Noticed Sigmund
   179 | D        | Killed Sigmund
   179 | D        | Reached ** piety under Trog
   180 | D        | Reached skill level 8 in Unarmed Combat
   180 | D        | Reached XP level 5. HP: 59/59 MP: 4/4
   227 | D        | Found a burning altar of Makhleb.
   227 | D        | Found a viscous altar of Jiyva.
   227 | D        | Found a shimmering altar of Xom.
   227 | D        | Found a corrupted altar of Lugonu.
   227 | D        | Noticed a slime creature
   232 | D        | Killed a slime creature
   233 | D        | Reached skill level 9 in Unarmed Combat
   233 | D        | Reached XP level 6. HP: 50/71 MP: 5/5
   251 | D        | Found an ornate altar of the Wu Jian Council.
   251 | D        | Found a shimmering blue altar of Sif Muna.
   253 | D        | Found a radiant altar of Vehumet.
   290 | D        | Found Neeriemp's Magic Scroll Emporium.
   290 | D        | Found an ancient bone altar of Kikubaaqudgha.
   290 | D        | Found a hazy altar of Hepliaklqana.
   290 | D        | Found a stormy altar of Qazlal.
   290 | D        | Found a hide-covered altar of Uskayaw.
   290 | D        | Found a blossoming altar of Fedhas.
   290 | D        | Found a bloodstained altar of Trog.
   290 | D        | Found an iron altar of Okawaru.
   290 | D        | Found a basalt altar of Yredelemnul.
   290 | D        | Found a glowing golden altar of the Shining One.
   290 | D        | Found a snail-covered altar of Cheibriados.
   290 | D        | Found a sacrificial altar of Ru.
   290 | D        | Found a glowing silver altar of Zin.
   290 | D        | Found a shadowy altar of Dithmenos.
   290 | D        | Found a white marble altar of Elyvilon.
   290 | D        | Noticed a yak
   293 | D        | Killed a yak
   294 | D        | Reached skill level 10 in Unarmed Combat
   294 | D        | Reached XP level 7. HP: 52/78 MP: 6/6
   294 | D        | Found an opulent altar of Gozag.
   295 | D        | Found a sparkling altar of Nemelex Xobeh.
   323 | D        | Noticed Sonja
   334 | D        | Killed Sonja
   334 | D        | Reached *** piety under Trog
   335 | D        | Reached skill level 11 in Unarmed Combat
   335 | D        | Reached XP level 8. HP: 63/89 MP: 7/7
   392 | D        | Found Beith's Antique Weapon Boutique.
   429 | D        | Noticed a kobold demonologist
   429 | D        | Noticed a kobold demonologist
   431 | D        | Paralysed by a floating eye for 2 turns
   435 | D        | Reached skill level 12 in Unarmed Combat
   436 | D        | Noticed a smoke demon
   439 | D        | Killed a kobold demonologist
   439 | D        | Reached **** piety under Trog
   440 | D        | Killed a kobold demonologist
   514 | D        | Noticed a deep troll
   519 | D        | Killed a deep troll
   520 | D        | Reached skill level 13 in Unarmed Combat
   520 | D        | Reached XP level 9. HP: 101/101 MP: 8/8
   529 | D        | Found Puwkeibi's Armour Emporium.
   538 | D        | Bought the +0 cloak of Maobb {+Blink Str+2 Slay+2} for 311
                  | gold pieces
   595 | D        | Noticed a centaur warrior
   599 | D        | Noticed a centaur warrior
   611 | D        | Killed a centaur warrior
   612 | D        | Reached skill level 10 in Fighting
   612 | D        | Reached skill level 10 in Dodging
   612 | D        | Reached skill level 14 in Unarmed Combat
   614 | D        | Killed a centaur warrior
   615 | D        | Reached skill level 15 in Unarmed Combat
   676 | D        | Reached ***** piety under Trog
   691 | D        | Noticed an oklob plant
   697 | D        | Killed an oklob plant
   698 | D        | Reached XP level 10. HP: 65/111 MP: 9/9
   753 | D        | Reached skill level 16 in Unarmed Combat
   918 | D        | Reached ****** piety under Trog
   919 | D        | Received a gift from Trog
   937 | D        | Paralysed by a floating eye for 4 turns
   954 | D        | Received a gift from Trog
   970 | D        | Identified the +2 robe of Qeilom {rPois Dex+9}
   994 | D        | Found Zoq Athro's Assorted Antiques.
   994 | D        | Found Beehefu's General Store.
   994 | D        | Found Woephaugg's General Store.
   996 | D        | Found Zaureac's Weapon Emporium.
   996 | D        | Found Jasupt's Magic Scroll Shop.
   996 | D        | Found Zobug's General Store.
   996 | D        | Found Odghiban's General Store.
   996 | D        | Found Keteyc's Assorted Antiques.
   996 | D        | Found Qiemyrau's Jewellery Shop.
   996 | D        | Found Ohum Enk's Assorted Antiques.
  1000 | D        | Found Adusm's Book Boutique.
  1001 | D        | Found Agoq's Jewellery Emporium.
  1001 | D        | Found Vinur's Magic Scroll Boutique.
  1002 | D        | Bought a scroll of magic mapping for 75 gold pieces
  1002 | D        | Bought a scroll of enchant armour for 75 gold pieces
  1002 | D        | Found Oheavuqe's Antique Armour Emporium.
  1010 | D        | Bought a scroll of acquirement for 676 gold pieces
  1050 | D        | Noticed a shining eye
  1050 | D        | Noticed a shining eye
  1050 | D        | Noticed a shining eye
  1050 | D        | Gained mutation: Armour fits poorly on your strangely
                  | shaped body. [a shining eye]
  1051 | D        | Gained mutation: You sometimes lose your temper in combat.
                  | [a shining eye]
  1052 | D        | Paralysed by a floating eye for 4 turns
  1052 | D        | Gained mutation: You have an uncontrollable temper. [a
                  | shining eye]
  1059 | D        | Killed a shining eye
  1059 | D        | Noticed a shining eye
  1060 | D        | Reached skill level 17 in Unarmed Combat
  1060 | D        | Killed a shining eye
  1063 | D        | Killed a shining eye
  1063 | D        | Received a gift from Trog
  1065 | D        | Reached skill level 1 in Stealth
  1065 | D        | Noticed a shining eye
  1067 | D        | Killed a shining eye
  1068 | D        | Reached skill level 18 in Unarmed Combat
  1070 | D        | Killed a shining eye
  1071 | D        | Reached XP level 11. HP: 123/123 MP: 10/10
  1073 | D        | Noticed a shining eye
  1078 | D        | Killed a shining eye
  1081 | D        | Noticed a shining eye
  1082 | D        | Paralysed by a floating eye for 4 turns
  1082 | D        | Gained mutation: You are clumsy. (Dex -2) [a shining eye]
  1083 | D        | Noticed a shining eye
  1084 | D        | Killed a shining eye
  1084 | D        | Received a gift from Trog
  1088 | D        | Killed a shining eye
  1100 | D        | Found Ding's Armour Shop.
  1100 | D        | Found Sooluda's Antique Armour Shoppe.
  1100 | D        | Found Nibrenul's Antique Weapon Boutique.
  1100 | D        | Found Xiathruma's Armour Emporium.
  1115 | D        | Bought a pitted troll leather armour for 400 gold pieces
  1115 | D        | Identified the +0 troll leather armour of the World
                  | {Rampage Regen+ Int+4} (You bought it in a shop in the
                  | Dungeon)
  1167 | D        | Reached skill level 19 in Unarmed Combat
  1176 | D        | Reached skill level 1 in Armour
  1283 | D        | Acquired 1279 gold pieces
  1325 | D        | Bought a scroll of acquirement for 572 gold pieces
  1326 | D        | Acquired a manual of Armour
  1483 | D        | HP: 4/184 [something (13)]
  1484 | D        | Killed a lorocyproca
  1690 | D        | Noticed a lindwurm
  1696 | D        | Killed a lindwurm
  1707 | D        | Received a gift from Trog
  1720 | D        | Reached skill level 20 in Unarmed Combat
  1722 | D        | Received a gift from Trog
  1725 | D        | Reached skill level 5 in Armour
  1783 | D        | Noticed a 12-headed hydra
  1788 | D        | Killed a 14-headed hydra
  1789 | D        | Received a gift from Trog
  1914 | D        | Engulfed by a cloud of steam

Illustrated notes

Levels and vault maps discovered:
D:        dungeon_sprint_1 [red_sonja_temple_1, red_sonja_temple_small_1]

Skill      XL: |  1  2  3  4  5  6  7  8  9 10 11 |
---------------+----------------------------------+-----
Fighting       | 3 4 6 7 8 9 10 11 12 | 12.5
Dodging        | 3 4 6 7 8 9 11 12 13 | 13.3
Unarmed Combat | 4 6 8 9 10 11 13 15 18 20 | 20.5
Stealth        | 1 2 |  2.3
Armour         | 6 |  6.3

Action                     |  1- 3 |  4- 6 |  7- 9 | 10-12 || total
---------------------------+-------+-------+-------+-------++-------
  Melee: Unarmed           |    12 |    11 |    33 |   106 ||   162
         Punch             |     1 |       |     3 |     7 ||    11
 Invoke: Berserk           |     1 |     1 |     3 |     3 ||     8
         Brothers in Arms  |       |       |       |     1 ||     1
    Use: Potion            |       |       |       |     2 ||     2
         Scroll            |       |       |       |     3 ||     3
   Stab: Sleeping          |       |       |       |     1 ||     1
 Armour: Animal skin       |       |       |     1 |       ||     1
         Robe              |       |       |    14 |    22 ||    36
         Troll leather arm |       |       |       |    12 ||    12
  Dodge: Dodged            |     4 |     3 |    25 |    63 ||    95

Table legend: (Time is in decaauts)
 A = Elapsed time spent in this place.
 B = Non-inter-level travel time spent in this place.
 C = Inter-level travel time spent in this place.
 D = Time resting spent in this place.
 E = Time spent auto-exploring this place.
 F = Levels seen in this place.
 G = Mean time per level.
                   A        B        C        D        E       F      G
               +--------+--------+--------+--------+--------+-----+--------+
         Total |   1949 |   1885 |     64 |    557 |    119 |   1 | 1949.0 |
       Dungeon |   1949 |   1885 |     64 |    557 |    119 |   1 | 1949.0 |
               +--------+--------+--------+--------+--------+-----+--------+

Top non-repeatable levels by time:
       D: 1949 daAuts
